 Dungeon Crawl Stone Soup version 0.18-a0-1418-ga86aa8f (webtiles) character file.

14946 Kidiri the Thaumaturge (level 11, -1/70 HPs)
             Began as a Deep Elf Fire Elementalist on Feb 26, 2016.
             Was a Priest of Vehumet.
             Slain by a black mamba (17 damage)
             ... on level 3 of the Lair of Beasts.
             The game lasted 01:15:03 (15387 turns).

Kidiri the Thaumaturge (DEFE)                      Turns: 15387, Time: 01:15:04

Health: -1/70      AC:  6    Str:  8    XL:     11   Next: 95%
Magic:  11/28      EV: 17    Int: 27    God:    Vehumet [***...]
Gold:   559        SH:  0    Dex: 15    Spells: 9 memorised, 7 levels left

rFire  . . .     SeeInvis +     E - +7 longbow "Suuffam" {velocity, Str+3 Int+3}
rCold  . . .     Gourm    .     A - +2 robe {MR+}
rNeg   + . .     Faith    .     (shield currently unavailable)
rPois  .         Spirit   .     J - +0 helmet
rElec  .         Dismiss  .     F - +0 cloak
rCorr  .         Reflect  .     (no gloves)
SustAt .         Harm     .     (no boots)
MR     ++...                    m - amulet of magic regeneration
Stlth  +++++.....               o - ring of positive energy
                                f - ring of stealth

@: very slightly contaminated, very resistant to hostile enchantments, quite
stealthy
A: see invisible, robust 1, sturdy frame 1
a: Renounce Religion


You were on level 3 of the Lair of Beasts.
You worshipped Vehumet.
Vehumet was most pleased with you.
You were not hungry.

You visited 3 branches of the dungeon, and saw 12 of its levels.
You also visited: Sewer.

You collected 559 gold pieces.

Inventory:

Hand Weapons
 E - the +7 longbow "Suuffam" (weapon) {velocity, Str+3 Int+3}
   (You found it on level 5 of the Dungeon)

   Any arrow fired from it inflicts extra damage.
   It affects your strength (+3).
   It affects your intelligence (+3).
 N - a +2 short sword of venom
Missiles
 B - a throwing net (quivered)
Armour
 A - a +2 robe of magic resistance (worn)
 F - a +0 cloak (worn)
 J - a +0 helmet (worn)
Jewellery
 d - the amulet of Disaster {+Rage Dex+6}
   (You took it off an orc on level 5 of the Dungeon)

   [amulet of rage]

   It affects your dexterity (+6).
   It lets you go berserk.
 f - a ring of stealth (left hand)
 m - an amulet of magic regeneration (around neck)
 o - a ring of positive energy (right hand)
 p - an uncursed ring of sustain attributes
Wands
 h - a wand of enslavement (8/24)
 s - a wand of polymorph (24/24)
 y - a wand of iceblast (7/15)
 I - a wand of enslavement (13/24)
 O - a wand of hasting (2/9)
Scrolls
 a - 2 scrolls of amnesia
 g - 6 scrolls of teleportation
 i - a scroll of enchant armour {unknown}
 k - a scroll of immolation
 n - 2 scrolls of recharging
 t - 2 scrolls of blinking
 v - a scroll of fog
 x - 3 scrolls of remove curse
 G - a scroll of noise
 H - a scroll of magic mapping
Potions
 e - 2 potions of ambrosia
 j - 2 potions of haste
 l - 2 potions of cure mutation
 r - 2 potions of heal wounds
 u - 3 potions of curing
 w - 3 potions of might
 C - a potion of lignification
 P - a potion of flight
Books
 b - a book of Flames

   Spells                             Type                      Level
   a - Flame Tongue                   Conjuration/Fire             1
   b - Throw Flame                    Conjuration/Fire             2
   c - Conjure Flame                  Conjuration/Fire             3
   d - Inner Flame                    Hexes/Fire                   3
   e - Sticky Flame                   Conjuration/Fire             4
   f - Fireball                       Conjuration/Fire             5
Comestibles
 c - 7 bread rations
 z - 8 meat rations


   Skills:
 + Level 5.6 Fighting
 + Level 8.2 Dodging
 + Level 9.1 Stealth
 * Level 11.9 Spellcasting
 + Level 6.9 Conjurations
 + Level 8.7 Hexes
 + Level 2.5 Transmutations
 + Level 8.0 Fire Magic
 + Level 5.0 Ice Magic
 + Level 3.1 Poison Magic


You had 7 spell levels left.
You knew the following spells:

 Your Spells              Type           Power        Failure   Level  Hunger
a - Flame Tongue          Conj/Fire      #####        1%          1    None
b - Throw Flame           Conj/Fire      ######       1%          2    None
c - Conjure Flame         Conj/Fire      ######..     1%          3    None
d - Inner Flame           Hex/Fire       ######..     1%          3    None
e - Sticky Flame          Conj/Fire      ######..     1%          4    None
f - Fireball              Conj/Fire      ######....   1%          5    ###....
g - Freeze                Ice            ####         1%          1    None
h - Ignite Poison         Fire/Trmt/Pois #####...     1%          3    None
i - Throw Icicle          Conj/Ice       #####...     1%          4    None


Dungeon Overview and Level Annotations

Branches:
Dungeon (8/15)             Temple (1/1) D:6            Lair (3/8) D:8
  Swamp (0/4) Lair:3
  Snake: Lair:3-6    Spider: Lair:3-6

Altars:
Ashenzari
Cheibriados
Dithmenos
Elyvilon
Fedhas
Gozag
Kikubaaqudgha
Makhleb
Nemelex Xobeh
Okawaru
Pakellas
Qazlal
Ru
Sif Muna
Trog
Vehumet
Xom
Yredelemnul
Zin
The Shining One

Shops:
D:4 [   D:8 =


Innate Abilities, Weirdness & Mutations

You have supernaturally acute eyesight.
You are robust (+10% HP).
Your movements are slightly less encumbered by armour (ER -2).


Message History

The flame tongue hits the black mamba.
The black mamba is lightly wounded.
Casting: Flame Tongue
Confirm with . or Enter, or press ? or * to list all spells.
Aiming: Flame Tongue
Press: ? - help, Shift-Dir - straight line, f/p - black mamba
Aim: a black mamba (lightly wounded)
The flame tongue hits the black mamba.
The black mamba is moderately wounded.
The black mamba closely misses you.
Casting: Flame Tongue
Confirm with . or Enter, or press ? or * to list all spells.
Aiming: Sticky Flame
Press: ? - help, Shift-Dir - straight line, f/p - black mamba
Aim: a black mamba (moderately wounded)
The sticky flame hits the black mamba.
The black mamba is heavily wounded.
The black mamba is covered in liquid flames!
The black mamba burns!
The black mamba bites you!
You die...

......................
.....................
....................
..............>....#
...................###
......P....##........##
....P#..>..##.........##
.......(..###..S.......#
..#......## ##..@......#
...#.#.### ##(........
######## ##........
#........ #P#......
####..... ..... #....


You could see a black mamba (burning).

Vanquished Creatures
  A hydra (Lair:3)
  Sonja (Lair:2)
  Pikel (D:6)
  A black mamba (Lair:3)
  5 spiny frogs
  4 komodo dragons
  7 polar bears (Lair:1)
  9 blink frogs
  8 yaks
  2 hippogriffs
  Menkaure (D:6)
  4 water moccasins
  4 porcupines
  A sky beast (D:7)
  A swamp drake (D:8)
  4 slaves (D:6)
  6 black bears (Lair:1)
  A necrophage (D:8)
  A phantom (D:8)
  An ice beast (D:5)
  3 ogres
  2 centaurs
  10 crocodiles
  12 giant frogs
  3 jellies
  5 wights (D:8)
  5 killer bees (D:8)
  A crimson imp (D:6)
  2 centaur zombies (D:7)
  A centaur skeleton (D:4)
  6 orc wizards
  A giant frog zombie (D:8)
  A gnoll shaman (D:4)
  3 orc priests
  Crazy Yiuf (D:6)
  7 iguanas
  5 worker ants
  4 sheep (Lair:1)
  A hound zombie (D:5)
  2 hound skeletons (D:4)
  A howler monkey skeleton (D:7)
  15 adders
  13 gnolls
  43 river rats
  A shadow imp (D:5)
  2 oozes
  4 worms
  2 dart slugs (D:3)
  6 giant geckos
  18 orcs
  8 giant cockroaches
  6 hobgoblins
  7 kobolds
  4 quokkas
  15 ball pythons
  7 bats
  A giant gecko skeleton (D:7)
  7 giant newts
  4 goblins
  A quokka skeleton (D:5)
  A quokka zombie (D:8)
  36 rats
  2 butterflies (D:6)
  2 plants (Lair:2)
344 creatures vanquished.

Vanquished Creatures (others)
  7 fungi
  6 plants
13 creatures vanquished.

Grand Total: 357 creatures vanquished

Notes
Turn   | Place    | Note
--------------------------------------------------------------
     0 | D:1      | Kidiri the Deep Elf Fire Elementalist began the quest for the Orb.
     0 | D:1      | Reached XP level 1. HP: 10/10 MP: 6/6
   220 | D:1      | Reached XP level 2. HP: 15/15 MP: 5/8
   225 | D:1      | Learned a level 2 spell: Throw Flame
   697 | D:1      | Reached XP level 3. HP: 19/19 MP: 7/9
   702 | D:1      | Learned a level 3 spell: Conjure Flame
  1110 | D:2      | Learned a level 3 spell: Inner Flame
  1564 | D:2      | Found a deep blue altar of Sif Muna.
  1648 | D:2      | Reached skill level 1 in Hexes
  2177 | D:3      | Reached XP level 4. HP: 24/24 MP: 6/11
  2561 | D:3      | Reached skill level 4 in Spellcasting
  2716 | D:3      | Reached skill level 1 in Fighting
  2716 | D:3      | Reached XP level 5. HP: 17/29 MP: 7/13
  3513 | D:4      | Found Nofah's Armour Boutique.
  3553 | D:4      | Reached XP level 6. HP: 28/34 MP: 7/15
  3559 | D:4      | Learned a level 4 spell: Sticky Flame
  4050 | D:4      | Reached skill level 5 in Spellcasting
  4516 | D:5      | Entered Level 5 of the Dungeon
  4527 | D:5      | Reached XP level 7. HP: 9/40 MP: 5/17
  4630 | D:5      | Found a snail-covered altar of Cheibriados.
  4679 | D:5      | Found a glowing drain.
  4711 | Sewer    | Entered a sewer
  4988 | Sewer    | Noticed Tomstefer's ghost (amateur TeCj)
  5910 | D:5      | Reached skill level 5 in Stealth
  5910 | D:5      | Reached skill level 6 in Spellcasting
  5921 | D:5      | Learned a level 5 spell: Fireball
  5937 | D:5      | Got a fine pewter amulet
  6145 | D:5      | Found a burning altar of Makhleb.
  6145 | D:5      | Found a glowing golden altar of the Shining One.
  6168 | D:5      | Found a glowing silver altar of Zin.
  6170 | D:5      | Found a radiant altar of Vehumet.
  6240 | D:5      | Identified the amulet of Disaster {+Rage Dex+6} (You took it off an orc on level 5 of the Dungeon)
  6561 | D:5      | Got a jewelled longbow
  6562 | D:5      | Identified the +7 longbow "Suuffam" {velocity, Str+3 Int+3} (You found it on level 5 of the Dungeon)
  6724 | D:6      | Found a staircase to the Ecumenical Temple.
  6739 | Temple   | Entered the Ecumenical Temple
  6940 | D:6      | Reached skill level 5 in Fire Magic
  6940 | D:6      | Reached XP level 8. HP: 45/45 MP: 11/19
  7037 | D:6      | Noticed Pikel
  7040 | D:6      | Noticed Menkaure
  7050 | D:6      | Killed Pikel
  7050 | D:6      | Killed Menkaure
  7050 | D:6      | Reached skill level 5 in Dodging
  7050 | D:6      | Reached skill level 7 in Spellcasting
  7413 | D:6      | Noticed Crazy Yiuf
  7417 | D:6      | Killed Crazy Yiuf
  7690 | D:5      | Became a worshipper of Vehumet
  8172 | D:6      | Reached skill level 5 in Hexes
  8246 | D:6      | Reached skill level 8 in Spellcasting
  8248 | D:6      | Reached XP level 9. HP: 51/51 MP: 8/23
  8464 | D:7      | Found a bloodstained altar of Trog.
  8650 | D:7      | Gained mutation: Your movements are slightly less encumbered by armour (ER -2). [mutagenic meat]
  8651 | D:7      | Gained mutation: You are robust (+10% HP). [mutagenic meat]
  8652 | D:7      | Gained mutation: You have supernaturally acute eyesight. [mutagenic meat]
  9596 | D:8      | Reached * piety under Vehumet
  9596 | D:8      | Offered knowledge of Freeze by Vehumet.
  9599 | D:8      | Learned a level 1 spell: Freeze
  9765 | D:8      | Found Vuboidogu's Jewellery Shoppe.
  9780 | D:8      | Reached skill level 9 in Spellcasting
 10518 | D:8      | Reached skill level 1 in Ice Magic
 10519 | D:8      | Noticed a komodo dragon
 10535 | D:8      | Killed a komodo dragon
 10535 | D:8      | Reached skill level 5 in Conjurations
 10732 | D:8      | Reached XP level 10. HP: 44/62 MP: 0/25
 10917 | D:8      | Found a staircase to the Lair.
 11116 | Lair:1   | Entered Level 1 of the Lair of Beasts
 11163 | Lair:1   | Noticed a spiny frog
 11168 | Lair:1   | Killed a spiny frog
 11560 | Lair:1   | Noticed a spiny frog
 11573 | Lair:1   | Killed a spiny frog
 11573 | Lair:1   | Offered knowledge of Searing Ray by Vehumet.
 11573 | Lair:1   | Reached skill level 10 in Spellcasting
 11691 | Lair:1   | Reached ** piety under Vehumet
 11749 | Lair:1   | Noticed a spiny frog
 11753 | Lair:1   | Killed a spiny frog
 12363 | Lair:1   | Reached XP level 11. HP: 68/68 MP: 22/27
 12392 | Lair:1   | Reached skill level 5 in Fighting
 12859 | Lair:1   | Reached skill level 11 in Spellcasting
 12951 | Lair:1   | Offered knowledge of Ignite Poison by Vehumet.
 12956 | Lair:1   | Learned a level 3 spell: Ignite Poison
 13324 | Lair:2   | Reached skill level 1 in Poison Magic
 13392 | Lair:2   | Noticed Sonja
 13399 | Lair:2   | Killed Sonja
 13472 | Lair:2   | Reached *** piety under Vehumet
 13472 | Lair:2   | Reached skill level 1 in Transmutations
 14054 | Lair:2   | Offered knowledge of Throw Icicle by Vehumet.
 14232 | Lair:2   | Learned a level 4 spell: Throw Icicle
 15203 | Lair:3   | Got a crystal quarterstaff
 15204 | Lair:3   | Identified the +5 quarterstaff of Heukucw {flame, rF- rC+ Str+3 Dex+2} (You found it on level 3 of the Lair of Beasts)
 15360 | Lair:3   | Found a staircase to the Swamp.
 15363 | Lair:3   | Noticed a seven-headed hydra
 15383 | Lair:3   | Killed a seven-headed hydra
 15383 | Lair:3   | Reached skill level 5 in Ice Magic
 15387 | Lair:3   | Slain by a black mamba

Vault maps used:
D:1:      dpeg_arrival_rooms_with_view
D:2:      led_sif_pool, first_bread
D:4:      serial_shops, shop_statue
D:5:      nicolae_overflow_hidden_temple, gammafunk_temple_overflow_pools,
          portal_sewer_entry_a, minivault_4
D:6:      minmay_temple_entry_butterflies, uniq_menkaure, uniq_pikel,
          uniq_crazy_yiuf_cottage
D:7:      nicolae_overflow_crystal_walls
D:8:      erik_lair_dragon, serial_shops, nicolae_shop_crystal
Temple:   nicolae_temple_figure_eight
Lair:1:   beast_lair_carwin_large_4, minivault_23
Lair:2:   uniq_sonja
Lair:3:   boulder_dual_corridor_run, swamp_mist
Sewer:    sewer_minmay_w

Skill      XL: |  1  2  3  4  5  6  7  8  9 10 11 |
---------------+----------------------------------+-----
Stealth        | 3 4 5 6 7 8 9 |  9.1
Dodging        | 3 4 5 6 7 8 |  8.2
Hexes          | 1 2 3 5 6 7 8 |  8.7
Conjurations   | 2 3 4 5 6 |  6.9
Spellcasting   | 4 5 6 8 9 10 11 | 11.9
Fighting       | 1 2 3 4 5 |  5.6
Fire Magic     | 4 5 6 7 8 |  8.0
Ice Magic      | 1 3 5 |  5.0
Poison Magic   | 3 |  3.1
Transmutations | 2 |  2.5

Action                   |  1- 3 |  4- 6 |  7- 9 | 10-12 || total
-------------------------+-------+-------+-------+-------++-------
Melee: Dagger            |    10 |     5 |    43 |     1 ||    59
       Short sword       |       |       |       |     4 ||     4
Throw: Javelin           |       |       |     6 |       ||     6
       Throwing net      |       |       |     2 |       ||     2
 Cast: Flame Tongue      |    43 |    64 |   234 |   223 ||   564
       Throw Flame       |    24 |    45 |    88 |    76 ||   233
       Inner Flame       |       |     4 |    14 |    20 ||    38
       Conjure Flame     |       |     4 |    12 |    35 ||    51
       Sticky Flame      |       |     1 |    15 |    35 ||    51
       Fireball          |       |       |     1 |     3 ||     4
       Ignite Poison     |       |       |       |     1 ||     1
Evoke: Wand              |       |       |     1 |       ||     1
  Use: Scroll            |       |     8 |    14 |     8 ||    30
       Potion            |       |       |     4 |     1 ||     5
 Stab: Sleeping          |     3 |     2 |     4 |     3 ||    12
  Eat: Chunk             |     5 |     5 |    10 |     7 ||    27
       Fruit             |       |     3 |       |       ||     3
       Bread ration      |       |       |     1 |       ||     1
       Beef jerky        |       |       |     1 |     3 ||     4
       Meat ration       |       |       |     1 |       ||     1
       Royal jelly       |       |       |     1 |     2 ||     3
       Pizza             |       |       |     1 |       ||     1
